 Dungeon Crawl Stone Soup version 0.29-a0-251-g80730f7218 (webtiles) character file.

Game seed: 16717459556412291414

74 jlumianski the Chopper (level 4, -1/34 HPs)
             Began as a Demonspawn Gladiator on Mar 5, 2022.
             Splashed by a jelly's acid (2 damage)
             ... on level 6 of the Dungeon.
             The game lasted 00:10:32 (2118 turns).

jlumianski the Chopper (Demonspawn Gladiator)       Turns: 2118, Time: 00:10:33

Health: -1/34      AC: 11    Str: 14 (17) XL:     4   Next: 9%
Magic:  4/4        EV: 11    Int:  8 (9)  God:
Gold:   84         SH:  0    Dex: 11 (14) Spells: 3/3 levels left

rFire   . . .      SeeInvis .   a - +0 war axe
rCold   . . .      Faith    .   (no shield)
rNeg    . . .      Spirit   .   l - +0 ring mail
rPois   .          Reflect  .   c - +2 helmet
rElec   .          Harm     .   (no cloak)
rCorr   .          Rampage  .   n - +2 pair of gloves
Will    .....                   (no boots)
Stlth   +.........              (no amulet)
HPRegen 0.11/turn               (no ring)
MPRegen 0.09/turn               (no ring)

@: no status effects
A: hooves 1, weakness stinger 1
a: no special abilities


You were on level 6 of the Dungeon.
You visited 1 branch of the dungeon, and saw 4 of its levels.

You collected 84 gold pieces.

Inventory:

Hand Weapons
 a - a +0 war axe (weapon)
 h - a +0 whip
Missiles
 d - 2 throwing nets (quivered)
 e - 83 stones
 i - 5 boomerangs
Armour
 b - a +0 leather armour
 c - a +2 helmet (worn)
 l - a +0 ring mail (worn)
 n - a +2 pair of gloves (worn)
Jewellery
 r - a ring of poison resistance
Scrolls
 s - a scroll of enchant armour
Potions
 g - a potion of mutation
 k - a potion of degeneration


   Skills:
 + Level 2.6 Fighting
 + Level 3.5 Axes
 + Level 1.9 Throwing
 + Level 0.7 Armour
 + Level 3.2 Dodging


You had 3 spell levels left.
You didn't know any spells.
Your spell library contained the following spells:

 Spells                   Type           Power      Damage    Failure   Level
 Frozen Ramparts          Ice            0%         1d2       95%         3
 Ice Form                 Ice/Tmut       0%         N/A       100%        4
 Summon Ice Beast         Ice/Summ       0%         N/A       100%        4


Dungeon Overview and Level Annotations

Branches:
Dungeon (3/15)

Altars:

Shops:
D:2 (


Innate Abilities, Weirdness & Mutations

You have large cloven feet.
You have a small tail.


Message History

You climb downwards.
A sourceless malevolence fills the Dungeon...
You fall into a shaft and drop 3 floors!
The shaft crumbles and collapses.
You hear the sound of rushing water.
There is an entrance to a sewer on this level.
Hurry and find it before the portal rusts away!
A jelly, 3 gnolls and an electric eel come into view.
The jelly quivers.
The gnoll shouts! x3
Found a leather armour.
The electric eel shoots out a bolt of lightning at you!
The bolt of electricity hits you but does no damage.
The electric eel shoots out a bolt of lightning at you!
The bolt of electricity hits the plant.
The plant begins to die.
The bolt of electricity hits you! x2
* * * LOW HITPOINT WARNING * * *
Okay, then.
Okay, then.
A gnoll comes into view. It is wielding a +0 halberd.
Throw: 3 throwing nets
Press: ? - help, Q - select action, (/) - cycle Shift-Dir - straight line, f - jelly
Aim: a jelly (89% to hit)
You throw a throwing net. The throwing net hits the jelly.
The jelly is caught in the net!
The gnoll shouts!
The jelly struggles against the net.
You hit the jelly.
Your hands burn!
* * * LOW HITPOINT WARNING * * *
The jelly is moderately wounded.
You slash the plant!
The plant begins to die.
The jelly struggles against the net.
The gnoll closely misses you.
The jelly struggles against the net.
You hit the jelly.
Your hands burn!
* * * LOW HITPOINT WARNING * * *
You kick the jelly.
The jelly is almost dead.
You hit the plant. The gnoll barely misses you.
The jelly struggles against the net.
The gnoll barely misses you.
You hit the jelly.
Your hands burn!
You die...

.≈≈.#
.##.≈≈≈≈#.
#.P..≈≈≈.. ##
...P≈≈≈# .
#.##..≈≈.## ..
#P...P≈≈≈≈#...
#.JP.S≈≈≈≈....
#.@##P≈S≈≈#
###.gg.g≈#
###g.P≈≈#
###..≈≈...
##.≈[.. #≈≈..
####


You could see a jelly (caught), an electric eel and 4 gnolls.

Vanquished Creatures
  An adder (D:2)
  A dart slug (D:1)
  A bat (D:1)
  5 endoplasms
  6 giant cockroaches
  6 goblins
  5 hobgoblins
  4 jackals (D:2)
  7 kobolds
  6 quokkas
  6 ball pythons
  2 frilled lizards
  2 rats (D:1)
52 creatures vanquished.

Vanquished Creatures (others)
  3 plants
3 creatures vanquished.

Grand Total: 55 creatures vanquished

Notes
Turn   | Place    | Note
-------+----------+-------------------------------------------
     0 | D:1      | jlumianski the Demonspawn Gladiator began the quest for the
                  | Orb.
     0 | D:1      | Reached XP level 1. HP: 16/16 MP: 1/1
    37 | D:1      | Found a faded altar of an unknown god.
   238 | D:1      | Discovered your monstrous ancestry.
   238 | D:1      | Gained mutation: You have a small tail. [demonic ancestry]
   238 | D:1      | Reached XP level 2. HP: 19/22 MP: 2/2
   852 | D:1      | Reached XP level 3. HP: 21/28 MP: 3/3
  1421 | D:2      | Found Ukaot's Weapon Shop.
  1707 | D:2      | Gained mutation: You have large cloven feet. [demonic
                  | ancestry]
  1707 | D:2      | Reached XP level 4. HP: 34/34 MP: 4/4
  2107 | D:3      | You fall into a shaft and drop 3 floors!
  2117 | D:6      | HP: 1/34 [acid (5)]
  2118 | D:6      | Splashed by a jelly's acid

Illustrated notes

Levels and vault maps discovered:
D:1:      dpeg_arrival_tiny_d, layout_basic, hellmonk_ecumenical_altar_zigzags,
          serial_bayou_ford_a
D:2:      layout_basic, serial_shops, nicolae_shop_bloodbath_and_beyond
D:3:      layout_loops_ring, mainiacjoe_overflow_alcove_4,
          chequers_temple_overflow_minitemple, nicolae_grassy_gnolls
D:6:      wad_lake_hut, layout_basic, minmay_temple_entry_arrows, serial_shops,
          shop, gup_sewer_entry_glass, uniq_blork_the_orc

Skill      XL: |  1  2 |
---------------+-------+-----
Dodging        | 3 |  3.2
Axes           | 3 |  3.5
Fighting       | |  2.6
Throwing       | |  1.9
Armour         | |  0.7

Action                   |  1- 3 |  4- 6 || total
-------------------------+-------+-------++-------
Melee: War axe           |    97 |    17 ||   114
       Tailslap          |     8 |     1 ||     9
       Kick              |       |     2 ||     2
Throw: Throwing net      |       |     1 ||     1
  Use: Scroll            |       |     6 ||     6
       Potion            |       |     3 ||     3
Armor: Leather armour    |    28 |       ||    28
       Ring mail         |    15 |    10 ||    25
Dodge: Dodged            |    73 |    14 ||    87

Table legend: (Time is in decaauts)
 A = Elapsed time spent in this place.
 B = Non-inter-level travel time spent in this place.
 C = Inter-level travel time spent in this place.
 D = Time resting spent in this place.
 E = Time spent auto-exploring this place.
 F = Levels seen in this place.
 G = Mean time per level.
                   A        B        C        D        E       F      G
               +--------+--------+--------+--------+--------+-----+--------+
         Total |   2159 |   2138 |     21 |      0 |   1453 |   4 |  539.8 |
       Dungeon |   2159 |   2138 |     21 |      0 |   1453 |   4 |  539.8 |
               +--------+--------+--------+--------+--------+-----+--------+

Top non-repeatable levels by time:
     D:1: 1358 daAuts
     D:2: 789 daAuts
     D:6: 11 daAuts
